 Dungeon Crawl Stone Soup version 0.15-a0 (webtiles) character file.

102 Herrn the Grave Robber (level 3, 0/22 HPs)
             Began as an Octopode Necromancer on Mar 30, 2014.
             Succumbed to an adder's poison
             ... on Level 2 of the Dungeon.
             The game lasted 00:04:25 (1075 turns).

Herrn the Grave Robber (Octopode Necromancer)       Turns: 1075, Time: 00:04:25

HP   0/22        AC  1     Str  7      XL: 3   Next: 31%
MP   2/6         EV 11     Int 17      God:
Gold 68          SH  8     Dex 13      Spells:  1 memorised,  5 levels left

rFire  . . .     SeeInvis .     (no weapon)
rCold  . . .     Clarity  .     f - +1 buckler
rNeg   . . .     Conserve .     (helmet restricted)
rPois  .         rCorr    .     d - amulet of inaccuracy {unknown}
rElec  .         rRot     .     (no ring)
SustAb . .       Spirit   .     (no ring)
rMut   .         Warding  .     (no ring)
Saprov . . .     Stasis   .     (no ring)
MR     .....                    (no ring)
                                (no ring)
                                (no ring)
                                (no ring)

@: invisible, lethally poisoned, very slightly contaminated, not resistant to
hostile enchantments, quite stealthy
A: almost no armour, amphibious, 8 rings, constrict 8, camouflage 1, gelatinous
body 1
a: no special abilities


You were on level 2 of the Dungeon.
You were not hungry.

You visited 1 branch of the dungeon, and saw 2 of its levels.

You collected 68 gold pieces.

Inventory:

Armour
 f - a +1 buckler (worn)
Comestibles
 c - 2 bread rations
 i - 2 rotting chunks of goblin flesh
Scrolls
 a - a scroll of recharging {unknown}
 g - a scroll of identify {unknown}
 h - a scroll of remove curse {unknown}
 k - 3 scrolls of fear {unknown}
Jewellery
 d - an amulet of inaccuracy (around mantle) {unknown}
Potions
 e - a potion of restore abilities
Books
 b - a book of Necromancy

   Spells                             Type                      Level
   *Pain                              Necromancy                   1
   Animate Skeleton                   Necromancy                   1
   Lethal Infusion                    Charms/Necromancy            2
   Vampiric Draining                  Necromancy                   3
   Regeneration                       Charms/Necromancy            3
   Animate Dead                       Necromancy                   4
   Control Undead                     Necromancy                   4


   Skills:
 * Level 0.4 Fighting
 * Level 2.2 Dodging
 - Level 2.6 Stealth
 * Level 0.2 Shields
 * Level 0.6 Unarmed Combat
 * Level 2.3 Spellcasting
 + Level 4.4 Necromancy


You had 5 spell levels left.
You knew the following spells:

 Your Spells              Type           Power        Failure   Level  Hunger
a - Pain                  Necr           ###.         3%          1    #......


Dungeon Overview and Level Annotations

Branches:
Dungeon (2/15)

Altars:


Innate Abilities, Weirdness & Mutations

You cannot wear most types of armour.
You are amphibious.
You can wear up to eight rings at the same time.
You can use your tentacles to constrict many enemies at once.
Your skin changes colour to match your surroundings (Stlth).
Your rubbery body absorbs attacks (AC +1).


Message History

* * * LOW HITPOINT WARNING * * *
You feel sick.
You feel refreshed.
It was a potion of restore abilities.
* * * LOW HITPOINT WARNING * * *
You feel sick.
You fade into invisibility!
It was a potion of invisibility.
You are very lightly contaminated with residual magic.
There is a lethal amount of poison in your body!
* * * LOW HITPOINT WARNING * * *
You feel sick.
* * * LOW HITPOINT WARNING * * *
You feel sick.
* * * LOW HITPOINT WARNING * * *
You feel sick.
* * * LOW HITPOINT WARNING * * *
You feel sick.
* * * LOW HITPOINT WARNING * * *
You feel sick.
You die...

#.........###....#########
#>........................
#.....###.###....#########
#.....# #.# ####.#........
#.##### #.# #.#.######.
#.#######.######># #.
#................# #)
#..######.######## #. #..#
#@# ## #..#......# #
#..#......# # #..#.......
# #..#.####.# # #..# #.# #
..# #.# #.. ###


There were no monsters in sight!

Vanquished Creatures
  An adder (D:2)
  A ball python (D:2)
  3 bats
  A giant cockroach (D:1)
  2 hobgoblins (D:1)
  4 giant newts (D:1)
  4 goblins (D:1)
  4 kobolds
  5 rats (D:1)
25 creatures vanquished.

Notes
Turn   | Place    | Note
--------------------------------------------------------------
     0 | D:1      | Herrn, the Octopode Necromancer, began the quest for the Orb.
     0 | D:1      | Reached XP level 1. HP: 11/11 MP: 3/3
   289 | D:1      | Reached XP level 2. HP: 13/17 MP: 1/4
   955 | D:2      | Reached XP level 3. HP: 19/21 MP: 3/6
  1072 | D:2      | HP: 1/22 [poisoned by an adder]
  1075 | D:2      | Succumbed to an adder's poison

Action                   || total
-------------------------++-------
Melee: Unarmed           ||     3
 Cast: Pain              ||    38
  Use: Potion            ||     2
